 Dungeon Crawl Stone Soup version 0.20-a0-269-g17f5411 (webtiles) character file.

57 GlassEater the Digger (level 4, -1/24 HPs)
             Began as a Kobold Earth Elementalist on Dec 8, 2016.
             Slain by a gnoll
             ... wielding a +3 halberd of freezing
              (16 damage)
             ... on level 2 of the Dungeon.
             The game lasted 00:06:02 (1384 turns).

GlassEater the Digger (Kobold Earth Elementalist)   Turns: 1384, Time: 00:06:03

Health: -1/24      AC:  2    Str:  5    XL:     4   Next: 18%
Magic:  4/8        EV: 16    Int: 17    God:
Gold:   68         SH:  0    Dex: 15    Spells: 5/8 levels left

rFire  . . .     SeeInvis .     b - 78 stones
rCold  . . .     Gourm    .     c - +0 robe
rNeg   . . .     Faith    .     (shield restricted)
rPois  .         Spirit   .     (no helmet)
rElec  .         Reflect  .     (no cloak)
rCorr  .         Harm     .     (no gloves)
MR     .....                    (no boots)
Stlth  ++........               (no amulet)
                                (no ring)
                                (no ring)

@: no status effects
A: carnivore 3
a: no special abilities


You were on level 2 of the Dungeon.
You were completely stuffed.

You visited 1 branch of the dungeon, and saw 2 of its levels.

You collected 68 gold pieces.

Inventory:

Hand Weapons
 a - a +0 dagger
Missiles
 b - 78 stones (in hand)
Armour
 c - a +0 robe (worn)
Scrolls
 f - 3 scrolls of recharging {unknown}
 j - a scroll of enchant weapon {unknown}
 k - a scroll of identify {unknown}
Books
 e - a book of Geomancy

   Spells                             Type                      Level
   a - Sandblast                      Earth                        1
   b - Passwall                       Transmutation/Earth          2
   c - Stone Arrow                    Conjuration/Earth            3
   d - Petrify                        Transmutation/Earth          4
   e - Lee's Rapid Deconstruction     Earth                        5
Comestibles
 d - a meat ration


   Skills:
 + Level 3.2 Dodging
 + Level 2.9 Stealth
 + Level 2.7 Spellcasting
 * Level 1.3 Transmutations
 + Level 3.8 Earth Magic


You had 5 spell levels left.
You knew the following spells:

 Your Spells              Type           Power        Failure   Level  Hunger
a - Sandblast             Erth           ###...       4%          1    #......
b - Passwall              Tmut/Erth      ##........   12%         2    ##.....


Dungeon Overview and Level Annotations

Branches:
Dungeon (2/15)

Altars:


Innate Abilities, Weirdness & Mutations

You are small and have problems with some larger weapons.
You are carnivorous and can eat meat at any time.


Message History

Casting: Sandblast
Confirm with . or Enter, or press ? or * to list all spells.
Aiming: Sandblast
Press: ? - help, Shift-Dir - straight line, f - gnoll
Aim: a gnoll The rocky blast hits the gnoll.
The gnoll is almost dead.
The gnoll shouts! x2
Casting: Sandblast
Confirm with . or Enter, or press ? or * to list all spells.
Aiming: Sandblast
Press: ? - help, Shift-Dir - straight line, f/p - gnoll
Aim: a gnoll (almost dead)
The rocky blast hits the gnoll.
You kill the gnoll!
You have reached level 4!
The gnoll hits you from afar with a spear!
The gnoll hits you from afar with a halberd of freezing!
Ouch! That really hurt!
You die...

#####.###....##.#
#...........###..
#............##..#
#...#.###.#......#
#..##.# #.##.##.##
#..##.# #..#.# .#
#..##.####.#.##
#......!......#.#
#.###....@.g....#
... ######.g..###
..... .#=## #.....
.# .. #..... .# ##
#....$ .# .# .#


You could see 2 gnolls.

Vanquished Creatures
  2 gnolls
  2 adders (D:2)
  A giant cockroach (D:1)
  3 hobgoblins (D:1)
  2 jackals (D:2)
  3 bats
  2 frilled lizards (D:1)
  3 goblins (D:1)
  4 kobolds (D:1)
  A rat (D:1)
23 creatures vanquished.

Notes
Turn   | Place    | Note
-------+----------+-------------------------------------------
     0 | D:1      | GlassEater the Kobold Earth Elementalist began the quest for the Orb.
     0 | D:1      | Reached XP level 1. HP: 10/10 MP: 3/3
   125 | D:1      | Reached XP level 2. HP: 7/15 MP: 0/5
   130 | D:1      | Learned a level 2 spell: Passwall
   372 | D:1      | You fall through a shaft!
   787 | D:1      | Reached XP level 3. HP: 19/19 MP: 4/6
  1384 | D:2      | Reached XP level 4. HP: 24/24 MP: 4/8
  1384 | D:2      | Slain by a gnoll

Vault maps used:
D:1:      dpeg_arrival_stone_temple_mockup
D:2:      first_bread, makhleb_heckhound_becter

Skill      XL: |  1  2 |
---------------+-------+-----
Dodging        | 3 |  3.2
Stealth        | |  2.9
Spellcasting   | |  2.7
Transmutations | |  1.3
Earth Magic    | |  3.8

Action                   |  1- 3 |  4- 6 || total
-------------------------+-------+-------++-------
Melee: Dagger            |    10 |       ||    10
       Unarmed           |     1 |       ||     1
 Cast: Sandblast         |    40 |     1 ||    41
  Use: Potion            |     3 |       ||     3
  Eat: Chunk             |    10 |       ||    10
Armor: Robe              |     6 |       ||     6
Dodge: Dodged            |    29 |       ||    29
